 Dungeon Crawl Stone Soup version 0.17-a0-896-g249456b (webtiles) character file.

489 xeno23 the Skirmisher (level 7, 0/72 HPs)
             Began as an Ogre Wizard on May 2, 2015.
             Slain by Grinder (6 damage)
             ... on level 4 of the Dungeon.
             The game lasted 00:18:36 (5557 turns).

xeno23 the Skirmisher (Ogre Wizard)                 Turns: 5557, Time: 00:18:37

Health: 0/72       AC:  7    Str: 15    XL:     7   Next: 14%
Magic:  12/12      EV:  8    Int: 17    God:
Gold:   177        SH:  9    Dex:  8    Spells: 4 memorised, 6 levels left

rFire  . . .     SeeInvis .     k - +0 flail
rCold  + . .     Clarity  .     a - +0 robe
rNeg   . . .     SustAb   .     o - +1 shield {AC+3}
rPois  .         Gourm    .     b - +0 hat
rElec  .         Spirit   .     v - +0 cloak
rCorr  .         Warding  .     (gloves unavailable)
rMut   .         Stasis   .     (boots unavailable)
MR     .....                    (no amulet)
Stlth  +.........               (no ring)
                                q - ring of protection from cold

@: not resistant to hostile enchantments, very unstealthy
A: unfitting armour, tough skin 1
a: no special abilities


You were on level 4 of the Dungeon.
You were not hungry.

You visited 1 branch of the dungeon, and saw 4 of its levels.

You collected 177 gold pieces.

Inventory:

Hand weapons
 i - a +0 spear
 k - a +0 flail (weapon)
 n - a +0 giant spiked club
 u - a +0 whip of draining
 E - a +0 giant club
Missiles
 A - 17 poisoned needles
Armour
 a - a +0 robe (worn)
 b - a +0 hat (worn)
 o - a +1 shield of protection (worn)
 v - a +0 cloak (worn)
Jewellery
 q - a ring of protection from cold (left hand)
 F - an uncursed amulet of resist mutation
Magical devices
 C - a wand of enslavement (21)
 D - a wand of paralysis (3)
Scrolls
 g - a scroll of identify
 l - 3 scrolls of teleportation
 p - a scroll of recharging {unknown}
 t - a scroll of remove curse {unknown}
 w - a scroll of fog {unknown}
 y - a scroll of enchant weapon {unknown}
 B - a scroll of enchant armour {unknown}
Potions
 e - 2 potions of flight {unknown}
 h - a potion of degeneration {unknown}
 j - a potion of haste {unknown}
 m - a potion of poison {unknown}
 r - a potion of invisibility {unknown}
 s - 2 potions of curing {unknown}
 z - a potion of cure mutation {unknown}
Books
 c - a book of Minor Magic

   Spells                             Type                      Level
   a - Magic Dart                     Conjuration                  1
   b - Blink                          Translocation                2
   c - Call Imp                       Summoning                    2
   d - Repel Missiles                 Charms/Air                   2
   e - Slow                           Hexes                        2
   f - Conjure Flame                  Conjuration/Fire             3
   g - Mephitic Cloud                 Conjuration/Poison/Air       3
Comestibles
 d - 2 bread rations
 f - 4 meat rations
 x - 2 fruits


   Skills:
 + Level 5.3 Fighting
 * Level 4.8 Maces & Flails
 - Level 1.7 Dodging
 - Level 1.5 Stealth
 * Level 3.5 Shields
 - Level 3.6 Spellcasting
 - Level 1.1 Conjurations
 - Level 0.6 Summonings
 - Level 0.6 Translocations


You had 6 spell levels left.
You knew the following spells:

 Your Spells              Type           Power        Failure   Level  Hunger
a - Magic Dart            Conj           #...         34%         1    None
b - Blink                 Tloc           N/A          65%         2    ##.....
c - Call Imp              Summ           #.......     65%         2    ##.....
r - Repel Missiles        Chrm/Air       #.....       86%         2    ##.....


Dungeon Overview and Level Annotations

Branches:
Dungeon (4/15)
 Temple: D:4-7

Altars:
Makhleb
Trog
Vehumet

Shops:
D:4 ?

Annotations:
D:4 Grinder


Innate Abilities, Weirdness & Mutations

You are too large for most types of armour.
You have tough skin (AC +1).


Message History

You take 31 damage.
Unknown command.
Unknown command.
Unknown command.
Unknown command.
Drink which item? (? for menu, Esc to quit)
Okay, then.
Read which item? (? for menu, Esc to quit)
Okay, then.
Evoke which item? (* to show all) (? for menu, Esc to quit)
Zapping:
D - a wand of paralysis (4)
Press: ? - help, Shift-Dir - straight line, f/p - Grinder
Aim: Grinder (heavily wounded, chance 46%) Grinder resists with some effort.
This wand has 3 charges left.
The quokka skeleton bites you.
* * * LOW HITPOINT WARNING * * *
Grinder hits you.
* * * LOW HITPOINT WARNING * * *
You writhe in agony.
You die...

...## #........#+#.##.# ......
### ##+##........#_.. #+### ...
#........#... #... ..
+........#_.. +..#
#.+###+#........##.# #..##
##........###'#######
#...##.....##.........+......#...
................Z.....#......#...
..##..... #5@.....###+##.'...
รท## . ##...........#.##.. ..#
#............+.##.. ....
.......####.....#+##.. ....#
##.....# ######...#'# ...##
##....# #...... ...# #....#
#...... .... .....# #####......
..... ###.. #......###.


You could see Grinder and a quokka skeleton.

Vanquished Creatures
  2 ogres (D:4)
  A hound (D:4)
  3 orc priests
  A worker ant (D:4)
  6 adders
  An ooze (D:3)
  A worm (D:3)
  3 giant geckos
  10 orcs
  2 ball pythons
  12 bats
  2 giant cockroaches
  6 goblins
  9 hobgoblins
  2 jackals (D:3)
  2 quokkas
  6 giant newts
  10 kobolds
  15 rats
94 creatures vanquished.

Vanquished Creatures (collateral kills)
  A crimson imp (D:4)
1 creature vanquished.

Grand Total: 95 creatures vanquished

Notes
Turn   | Place    | Note
--------------------------------------------------------------
     0 | D:1      | xeno23, the Ogre Wizard, began the quest for the Orb.
     0 | D:1      | Reached XP level 1. HP: 16/16 MP: 5/5
   103 | D:1      | Reached skill level 1 in Fighting
   540 | D:1      | Reached XP level 2. HP: 28/28 MP: 6/6
   667 | D:1      | Learned a level 2 spell: Blink
   670 | D:1      | Learned a level 2 spell: Call Imp
   673 | D:1      | Learned a level 2 spell: Repel Missiles
  1164 | D:2      | Reached skill level 1 in Maces & Flails
  1164 | D:2      | Reached skill level 1 in Conjurations
  1164 | D:2      | Reached XP level 3. HP: 17/37 MP: 8/8
  2140 | D:2      | Reached XP level 4. HP: 40/45 MP: 9/9
  2186 | D:3      | Found a bloodstained altar of Trog.
  2200 | D:3      | Reached skill level 1 in Shields
  3164 | D:3      | Reached skill level 4 in Fighting
  3164 | D:3      | Reached XP level 5. HP: 24/54 MP: 10/10
  3989 | D:4      | Found Uffoong's Magic Scroll Emporium.
  3998 | D:4      | Noticed an ogre
  4006 | D:4      | Killed an ogre
  4006 | D:4      | Reached XP level 6. HP: 63/63 MP: 11/11
  4248 | D:4      | Found a radiant altar of Vehumet.
  4248 | D:4      | Found a burning altar of Makhleb.
  4544 | D:4      | Reached skill level 5 in Fighting
  5207 | D:4      | Noticed an ogre
  5219 | D:4      | Killed an ogre
  5219 | D:4      | Reached XP level 7. HP: 20/72 MP: 12/12
  5531 | D:4      | Noticed Grinder
  5551 | D:4      | Paralysed by Grinder for 6 turns
  5557 | D:4      | Slain by Grinder

Action                   |  1- 3 |  4- 6 |  7- 9 || total
-------------------------+-------+-------+-------++-------
Melee: Unarmed           |    24 |       |       ||    24
       Spear             |   163 |    90 |       ||   253
       Whip              |       |   164 |       ||   164
       Flail             |       |    41 |    15 ||    56
 Cast: Magic Dart        |     4 |    11 |       ||    15
       Repel Missiles    |     1 |       |       ||     1
       Call Imp          |       |     1 |       ||     1
Evoke: Wand              |       |     5 |     2 ||     7
  Use: Scroll            |       |     2 |       ||     2
 Stab: Sleeping          |     3 |       |       ||     3
       Paralysed         |       |     8 |       ||     8
  Eat: Chunk             |     4 |     7 |       ||    11
       Beef jerky        |       |     1 |       ||     1
       Meat ration       |       |       |     1 ||     1
